 Dungeon Crawl Stone Soup version 0.31-a0-983-g7b6862f502 (webtiles) character file.

Game seed: 17090186494599651890

35 Xavori the Trooper (level 3, -9/30 HPs)
             Began as a Djinni Chaos Knight on Nov 3, 2023.
             Was a Plaything of Xom.
             Mangled by a gnoll
             ... wielding a +0 halberd
              (12 damage)
             ... on level 2 of the Dungeon.
             The game lasted 00:00:59 (5974 turns).

Xavori the Trooper (Djinni Chaos Knight)            Turns: 5974, Time: 00:01:01

Health: -9/30      AC:  5    Str:  9 (11) XL:     3   Next: 55%
Gold:   23         EV: 12    Int: 11 (13) God:    Xom [*.....] SH:  0 Dex: 13 (14)

rFire   + + .        a - +0 falchion (chaos)
rCold   x . .        (no shield)
rNeg    . . .        b - +2 leather armour
rPois   ∞            (helmet restricted)
rElec   .            (no cloak)
rCorr   .            (no gloves)
SInv    .            (boots unavailable)
Will    .....        (no amulet)
Stlth   +            (no ring)
HPRegen 0.25/turn    (no ring)
MPRegen 0.00/turn

%: infuse magic (-10 HP)
@: flying
A: sickness immunity, fire resistance 2, cold vulnerability 1, float, innate
caster, HP casting, extra vitality 1, horns 2
a: Renounce Religion


You were on level 2 of the Dungeon.
You worshipped Xom.
You were a special plaything of Xom.
You visited 1 branch of the dungeon, and saw 2 of its levels.

You collected 23 gold pieces.

Inventory:

Hand Weapons
 a - a +0 falchion of chaos (weapon)
Armour
 b - a +2 leather armour (worn)
Scrolls
 c - a scroll of butterflies
 d - a scroll of teleportation {unknown}
 e - a scroll of silence {unknown}
 f - a scroll of noise {unknown}
 h - a scroll of amnesia {unknown}
Potions
 g - a potion of lignification {unknown}
 i - a potion of enlightenment {unknown}


   Skills:
 + Level 3.2 Fighting
 + Level 2.9 Long Blades
 + Level 1.4 Armour
 + Level 2.5 Dodging
 * Level 0.8 Spellcasting
 * Level 0.8 Conjurations
 * Level 0.8 Hexes
   Level 0.0 Charms
 * Level 0.8 Summonings
 * Level 0.8 Necromancy
 * Level 0.8 Translocations
 * Level 0.8 Transmutations
 * Level 0.8 Fire Magic
 * Level 0.8 Ice Magic
 * Level 0.8 Air Magic
 * Level 0.8 Earth Magic
 * Level 0.8 Poison Magic


You knew the following spells:

 Your Spells              Type           Power      Damage    Failure   Level
a - Apportation           Tloc           4%         N/A       32%         1
Your spell library was empty.

Dungeon Overview and Level Annotations

Branches:
Dungeon (2/15)

Altars:

Shops:
D:2 [


Innate Abilities, Weirdness & Mutations

You are immune to sickness and miasma.
You are immune to poison.
Your flesh is very heat resistant. (rF++)
You are vulnerable to cold. (rC-)
You float through the air rather than walking.
You learn spells naturally, not from books.
Your magical power is your life essence.
You have superior vitality. (+4 MHP)
You have a pair of horns on your head.


Message History

You kill the ball python!
No target in view!
No target in view!
You see here a ball python corpse.
There is an entrance to Vaywull's Antique Armour Boutique here.
An endoplasm comes into view.
An endoplasm is nearby!
The endoplasm quivers.
An endoplasm is nearby!
The endoplasm jiggles.
An endoplasm is nearby!
You slash the endoplasm!
You kill the endoplasm!
No target in view!
Found a ring mail.
No target in view!
You see here a +0 ring mail.
A gnoll comes into view. It is wielding a +0 halberd.
Found a leather armour.
The gnoll shouts!
Found 10 gold pieces.
A gnoll comes into view. It is wielding a +0 spear.
There are monsters nearby!
The gnoll shouts!
The gnoll completely misses you.
You barely miss the gnoll. The gnoll hits you with a +0 halberd!
You barely miss the gnoll.
The gnoll hits you from afar with a +0 spear.
A gnoll comes into view. It is wielding a +0 club.
The gnoll hits you with a +0 halberd!
* * * LOW HITPOINT WARNING * * *
You are too injured to fight recklessly!
You hit the gnoll.
The gnoll suddenly seems more resistant.
Xom is highly amused!
The gnoll is moderately wounded.
The gnoll hits you but does no damage. x2; The gnoll barely misses you.
The gnoll hits you with a +0 halberd!
You die...
Xom chortles!

#$#####################
#.g.gg@...............#
#.###################.#
#.# #.# #.. #.# ###


You could see 3 gnolls.

Vanquished Creatures
  A dart slug (D:1)
  8 ball pythons
  2 endoplasms
  2 giant cockroaches (D:1)
  4 hobgoblins
  3 kobolds (D:1)
  2 quokkas (D:1)
  4 bats
  4 frilled lizards
  3 rats
33 creatures vanquished.

Notes
Turn   | Place    | Note
-------+----------+-------------------------------------------
     0 | D:1      | Xavori the Djinni Chaos Knight began the quest for the Orb.
     0 | D:1      | Reached XP level 1. HP: 20/20 MP: 0/0
    79 | D:1      | Reached XP level 2. HP: 24/25 MP: 0/0
   476 | D:1      | Reached XP level 3. HP: 30/30 MP: 0/0
   476 | D:1      | Learned a level 1 spell: Apportation
   518 | D:1      | XOM: 4-stop teleportation journey
   565 | D:1      | XOM: cast spell 'Olgreb's Toxic Radiance'
   635 | D:1      | XOM: 2-stop teleportation journey
  1423 | D:1      | XOM: stat loss: -1 Dex (13/14)
  1743 | D:1      | XOM: noise
  1835 | D:1      | XOM is BORED!
  2348 | D:1      | XOM: give mutation
  2348 | D:1      | Gained mutation: You have a pair of small horns on your
                  | head. [Xom's mischief]
  2711 | D:1      | XOM: stat loss: -1 Int (12/13)
  3401 | D:1      | XOM is BORED!
  3458 | D:1      | XOM: god gift: 2 javelins
  3915 | D:1      | XOM: stat loss: -1 Str (10/11)
  3998 | D:1      | XOM: summons 1 hostile demon
  3999 | D:1      | XOM: polymorph quasit -> iron imp
  4332 | D:1      | XOM: stat loss: -1 Str (9/11)
  5161 | D:1      | XOM: stat loss: -1 Int (11/13)
  5262 | D:1      | XOM: give mutations
  5262 | D:1      | Gained mutation: You have a pair of horns on your head.
                  | [Xom's mischief]
  5895 | D:2      | Found Vaywull's Antique Armour Boutique.
  5974 | D:2      | Mangled by a gnoll

Illustrated notes

Levels and vault maps discovered:
D:1:      tarquinn_simple_flora_water_f, layout_loops_corners
D:2:      layout_basic, serial_shops, shop

Action                     || total
---------------------------++-------
  Melee: Falchion          ||    66
         Punch             ||     1
         Headbutt          ||     2
 Armour: Leather armour    ||    46
  Dodge: Dodged            ||    56

Table legend: (Time is in decaauts)
 A = Elapsed time spent in this place.
 B = Non-inter-level travel time spent in this place.
 C = Inter-level travel time spent in this place.
 D = Time resting spent in this place.
 E = Time spent auto-exploring this place.
 F = Levels seen in this place.
 G = Mean time per level.
                   A        B        C        D        E       F      G
               +--------+--------+--------+--------+--------+-----+--------+
         Total |   5986 |   5975 |     11 |   5022 |    774 |   2 | 2993.0 |
       Dungeon |   5986 |   5975 |     11 |   5022 |    774 |   2 | 2993.0 |
               +--------+--------+--------+--------+--------+-----+--------+

Top non-repeatable levels by time:
     D:1: 5503 daAuts
     D:2: 482 daAuts
